 Dungeon Sprint DCSS version 0.15-a0-1224-g3833f9c (webtiles) character file.

289 Infinimo the Grappler (level 6, 0/53 HPs)
             Began as a Minotaur Monk on June 1, 2014.
             Was a Believer of Jiyva.
             Slain by an unseen horror (11 damage)
             ... in the Dungeon (Sprint IX: "|||||||||||||||||||||||||||||").
             The game lasted 00:01:05 (384 turns).

Infinimo the Grappler (Minotaur Monk)                Turns: 384, Time: 00:01:05

HP   0/53        AC  2     Str 15      XL: 6   Next:  9%
MP   3/3         EV 13     Int  8      God: Jiyva [**....]
Gold 0           SH  0     Dex 14      Spells:  0 memorised,  5 levels left

rFire  . . .     SeeInvis .       - Unarmed
rCold  . . .     Clarity  .     a - +0 robe
rNeg   . . .     rCorr    .     (no shield)
rPois  .         rRot     .     (helmet restricted)
rElec  .         Spirit   .     (no cloak)
SustAb .         Warding  .     (no gloves)
rMut   .         NoTele   +     (no boots)
Gourm  .                        (no amulet)
MR     .....                    (no ring)
                                (no ring)

@: not resistant to hostile enchantments, unstealthy
A: retaliatory headbutt, horns 2
a: Request Jelly, Jelly Paralyse, Renounce Religion


You were in the Dungeon.
You worshipped Jiyva.
Jiyva was pleased with you.
You were not hungry.

You visited 1 branch

Inventory:

Armour
 a - a +0 robe (worn)
Comestibles
 b - a bread ration
Scrolls
 h - 2 scrolls of blinking
 i - 3 scrolls of remove curse
 j - 2 scrolls of amnesia
Jewellery
 k - a cursed +2 ring of evasion
 l - a +3 ring of intelligence
Potions
 c - a potion of invisibility
 e - a potion of haste
 f - 4 potions of magic
 g - 2 potions of curing


   Skills:
 + Level 4.6 Fighting
 + Level 2.2 Armour
 - Level 3.4 Dodging
 - Level 1.8 Stealth
 * Level 13.5 Unarmed Combat


You had 5 spell levels left.
You didn't know any spells.

Dungeon Overview and Level Annotations

Branches:
Dungeon (1/1)

Altars:
Cheibriados
Dithmenos
Elyvilon
Fedhas
Gozag
Kikubaaqudgha
Makhleb
Nemelex Xobeh
Okawaru
Qazlal
Sif Muna
Trog
Vehumet
Xom
Yredelemnul
Zin
The Shining One
Beogh
Jiyva
Lugonu


Innate Abilities, Weirdness & Mutations

You reflexively headbutt those who attack you in melee.
You have a pair of horns on your head.


Message History

You start resting.
You feel sick. Something hits you!
* * * LOW HITPOINT WARNING * * *
There is a lethal amount of poison in your body!
Drink which item? (? for menu, Esc to quit)
You feel better. Something barely misses you. Something hits you.
* * * LOW HITPOINT WARNING * * *
Something hits you.
* * * LOW HITPOINT WARNING * * *
You see here a killer bee corpse.
Drink which item? (? for menu, Esc to quit)
You feel much better. Something hits you. Something hits you.
* * * LOW HITPOINT WARNING * * *
You hit something. Something hits you.
* * * LOW HITPOINT WARNING * * *
You punch something. Something hits you.
* * * LOW HITPOINT WARNING * * *
Drink which item? (? for menu, Esc to quit)
You feel better. Something hits you!
You die... ▓▓▓▓▓▓▓▓▓▓▓▓▓▓▓▓▓▓▓▓▓▓▓ _____'..|)[[[..)@.....+ ▓▓▓▓▓▓▓▓▓▓▓▓▓▓▓▓▓▓▓▓▓▓▓

There were no monsters in sight!

Vanquished Creatures
  A water moccasin (D)
  An orc warrior (D)
  A killer bee (D)
  A mummy (D)
  2 shadow imps (D)
  An adder skeleton (D)
  A giant gecko (D)
  3 bats (D)
  A bat zombie (D)
  A hobgoblin (D)
  A jackal (D)
  A hobgoblin zombie (D)
  2 rats (D)
  A rat zombie (D)
18 creatures vanquished.

Vanquished Creatures (others)
  A spatial maelstrom (D)
1 creature vanquished.

Grand Total: 19 creatures vanquished

Notes
Turn   | Place    | Note
--------------------------------------------------------------
     0 | D        | Infinimo, the Minotaur Monk, began the quest for the Orb.
     0 | D        | Reached XP level 1. HP: 19/19 MP: 1/1
    13 | D        | Reached skill level 5 in Unarmed Combat
    33 | D        | Banished a spatial maelstrom
    46 | D        | Noticed a water moccasin
    54 | D        | Killed a water moccasin
    54 | D        | Reached skill level 10 in Unarmed Combat
    54 | D        | Reached XP level 2. HP: 6/27 MP: 1/1
    54 | D        | Reached XP level 3. HP: 7/33 MP: 2/2
    54 | D        | Reached XP level 4. HP: 8/40 MP: 2/2
    60 | D        | Reached skill level 11 in Unarmed Combat
    67 | D        | Reached XP level 5. HP: 11/46 MP: 2/2
   308 | D        | Found a glowing silver altar of Zin.
   308 | D        | Found a glowing golden altar of the Shining One.
   308 | D        | Found an ancient bone altar of Kikubaaqudgha.
   308 | D        | Found a basalt altar of Yredelemnul.
   308 | D        | Found a shimmering altar of Xom.
   308 | D        | Found a radiant altar of Vehumet.
   308 | D        | Found an iron altar of Okawaru.
   309 | D        | Found a burning altar of Makhleb.
   310 | D        | Found a deep blue altar of Sif Muna.
   311 | D        | Found a bloodstained altar of Trog.
   312 | D        | Found a sparkling altar of Nemelex Xobeh.
   313 | D        | Found a white marble altar of Elyvilon.
   314 | D        | Found a roughly hewn altar of Beogh.
   315 | D        | Found a viscous altar of Jiyva.
   316 | D        | Found a corrupted altar of Lugonu.
   317 | D        | Found a blossoming altar of Fedhas.
   318 | D        | Found a snail-covered altar of Cheibriados.
   319 | D        | Found a shadowy altar of Dithmenos.
   320 | D        | Found a stormy altar of Qazlal.
   321 | D        | Found an opulent altar of Gozag.
   324 | D        | Became a worshipper of Jiyva Juwn the Shapeless
   324 | D        | Acquired Jiyva's first power
   324 | D        | Acquired Jiyva's second power
   346 | D        | Noticed an orc warrior
   346 | D        | Noticed a killer bee
   355 | D        | HP: 1/46 [orc warrior/dire flail (14)]
   357 | D        | Killed an orc warrior
   357 | D        | Reached skill level 13 in Unarmed Combat
   375 | D        | Killed a killer bee
   375 | D        | Reached skill level 1 in Armour
   375 | D        | Reached XP level 6. HP: 30/53 MP: 3/3
   380 | D        | HP: 2/53 [something (6)]
   384 | D        | Slain by an unseen horror

Action                   |  1- 3 |  4- 6 || total
-------------------------+-------+-------++-------
Melee: Unarmed           |    16 |    39 ||    55
  Use: Potion            |     1 |     6 ||     7
